Wranglers vs Eagles
Created - April 15, 2024 at 19:13
Goals
|
| Wranglers |
3 |
0 |
0 |
0 |
3 |
| Eagles |
0 |
1 |
2 |
1 |
4 |
|
Shots
|
| Wranglers |
8 |
15 |
4 |
0 |
27 |
| Eagles |
8 |
11 |
21 |
1 |
41 |
|
1st period
1. Wranglers , Evgeny Svechnikov 41 (Nico Sturm 45) at 4:58
2. Wranglers , Evgeny Svechnikov 42 (Peter Cehlarik 36, Christian Jaros 10) at 9:52
3. Wranglers , Petteri Lindbohm 5 (Ryan Donato 17) at 9:58
Penalties :
Dominik Masin (Cal) for Hooking (Minor) at 0:40, Mattias Samuelsson (Col) for Roughing (Minor) at 11:07, Erik Brannstrom (Cal) for Cross-checking (Minor) at 18:46
2nd period
4. Eagles , Michael Carcone 12 (Sam Steel 15, Matteson Iacopelli 23) at 9:28
Penalties :
Petteri Lindbohm (Cal) for Tripping (Minor) at 12:05
3rd period
5. Eagles , Connor Carrick 6 (Joseph Blandisi 43, Gabriel Vilardi 32) at 4:54 (PP)
6. Eagles , Sam Steel 18 (Matteson Iacopelli 24, Michael Carcone 16) at 14:45
Penalties :
Christian Jaros (Cal) for Roughing (Minor) at 0:35, Erik Brannstrom (Cal) for Hooking (Minor) at 4:45, Drake Caggiula (Col) for Interference (Minor) at 7:35
Overtime #1
7. Eagles , Nick Cousins 33 (Joseph Blandisi 44, Jack Dougherty 32) at 0:12
Penalties :
No Penalty
Goalie Stats
Michael Hutchinson (Cal), 37 saves from 41 shots - (0.902), OTL, 31-24-6, 60:12 minutes
Adin Hill (Col), 24 saves from 27 shots - (0.889), W, 26-23-4, 60:12 minutes
Players Stats for Wranglers
Player Name G A P +/- PIM S H SB GA TA FO MP PP MP PK MP
------------------------------------------------------------------------------------
Barclay Goodrow 0 0 0 0 0 2 1 0 1 0 0/1 19:38 1:54 4:43
Brandon Hickey 0 0 0 1 0 0 1 1 1 0 0/0 20:17 1:08 4:14
Christian Jaros 0 1 1 0 2 0 2 1 1 0 0/0 15:54 0:30 2:13
Dominik Masin 0 0 0 -1 2 1 1 0 1 0 0/0 23:46 2:15 4:11
Eric Karlsson 0 0 0 0 0 4 2 0 0 0 0/0 11:23 0:32 0:48
Erik Brannstrom 0 0 0 0 4 0 0 1 0 0 0/0 16:13 1:37 0:18
Evgeny Svechnikov 2 0 2 0 0 2 0 1 1 1 1/2 18:52 1:30 0:00
Frank Corrado 0 0 0 0 0 1 2 0 0 0 0/0 19:02 1:13 1:31
Jesper Bratt 0 0 0 0 0 3 1 0 0 0 0/0 17:14 1:48 2:34
Nico Sturm 0 1 1 1 0 3 2 2 1 1 13/25 21:14 1:30 2:34
Peter Cehlarik 0 1 1 0 0 0 1 0 0 1 4/10 22:25 0:16 4:45
Petteri Lindbohm 1 0 1 1 2 2 1 3 3 1 0/0 25:08 1:13 3:43
Ryan Donato 0 1 1 0 0 1 3 0 0 0 4/9 12:30 1:54 0:46
Ryan Spooner 0 0 0 0 0 0 3 0 0 1 5/12 14:33 1:54 0:00
Tage Thompson 0 0 0 0 0 1 0 0 0 0 0/0 8:03 0:00 0:00
Taylor Raddysh 0 0 0 0 0 2 0 1 0 0 0/0 10:05 0:34 0:00
Vitali Kravtsov 0 0 0 0 0 3 0 0 0 0 0/0 8:03 0:00 0:00
Vladislav Kamenev 0 0 0 0 0 2 0 0 0 0 3/3 8:06 0:02 0:00
Players Stats for Eagles
Player Name G A P +/- PIM S H SB GA TA FO MP PP MP PK MP
------------------------------------------------------------------------------------
Anthony Duclair 0 0 0 -2 0 2 3 0 1 1 1/2 21:12 4:09 1:20
Chris Calhan 0 0 0 0 0 0 0 0 0 0 0/0 6:29 0:00 0:00
Connor Carrick 1 0 1 -1 0 5 2 3 1 0 0/0 26:47 3:54 2:25
Drake Caggiula 0 0 0 -2 2 5 3 1 0 0 15/31 20:24 3:56 0:32
Gabriel Vilardi 0 1 1 -1 0 3 0 0 0 2 1/1 18:43 3:56 1:12
Jack Dougherty 0 1 1 1 0 0 1 0 1 2 0/0 20:47 4:11 1:26
Jared McCann 0 0 0 -1 0 0 2 0 0 0 7/13 15:09 0:00 1:55
Jonathan Racine 0 0 0 0 0 1 1 1 0 1 0/0 18:33 4:38 1:33
Joseph Blandisi 0 2 2 0 0 4 2 0 0 0 0/2 17:59 3:56 0:34
Keaton Middleton 0 0 0 -1 0 0 1 2 0 1 0/0 23:56 3:27 2:32
Kevin Bahl 0 0 0 0 0 1 0 2 0 0 0/0 12:55 0:00 0:00
Matteson Iacopelli 0 2 2 2 0 4 0 1 0 0 0/1 12:22 0:04 0:00
Mattias Samuelsson 0 0 0 0 2 0 1 0 0 0 0/0 17:14 0:00 0:00
Michael Carcone 1 1 2 2 0 2 0 1 0 0 1/1 12:15 0:00 0:00
Nick Cousins 1 0 1 -1 0 6 3 0 1 1 1/2 20:16 4:09 0:00
Sam Steel 1 1 2 2 0 4 1 0 1 1 4/7 12:17 0:00 0:00
Tyler Motte 0 0 0 0 0 2 1 1 0 0 0/0 8:28 0:00 1:58
Zach Aston-Reese 0 0 0 0 0 2 2 0 0 0 2/2 10:50 4:05 0:25
3 Stars
1 - Sam Steel (Col)
2 - Michael Carcone (Col)
3 - Evgeny Svechnikov (Cal)
Power Play
Wranglers - 0 on 2 Attempt(s) - 0.00%
Eagles - 1 on 5 Attempt(s) - 20.00%
Penalty Kill
Wranglers - 4 on 5 Attempt(s) - 80.00%
- Score 0 goal in Penalty Kill
Eagles - 2 on 2 Attempt(s) - 100.00%
- Score 0 goal in Penalty Kill
Team Stat
Wranglers - Hits : 20 - Faceoff Wins : 30 - Blocked Shots : 10 - Penalty Minutes : 10
Eagles - Hits : 23 - Faceoff Wins : 32 - Blocked Shots : 12 - Penalty Minutes : 4
Official
Referees : Marc Joannette and Dan Kelly
Linesman : Steve Miller and Steve Barton
Game Notes
16:22 of 2nd period - Wranglers goal is going for a video replay. After video review, No Goal. The puck has been kicked using a distinct kicking motion.
Finance
Level 1 -- Attendance: 1780 (89.00%) -- Ticket Income $124,600
Level 2 -- Attendance: 925 (92.50%) -- Ticket Income $37,000
Total Attendance: 2705 (90.17%)
Total Ticket Income: $161,600
Other Income: $8,080
Total Income: $169,680
Wranglers
5 vs 5 Forward
Center Left Wing Right Wing Time % Phy DF OF
1 Nico Sturm Peter Cehlarik Evgeny Svechnikov 40 1 2 2
2 Ryan Spooner Jesper Bratt Barclay Goodrow 30 1 2 2
3 Ryan Donato Eric Karlsson Taylor Raddysh 20 1 2 2
4 Vladislav Kamenev Vitali Kravtsov Tage Thompson 10 1 2 2
5 vs 5 Defense
Defense Defense Time % Phy DF OF
1 Petteri Lindbohm Dominik Masin 40 1 2 2
2 Erik Brannstrom Frank Corrado 30 1 2 2
3 Christian Jaros Brandon Hickey 20 1 2 2
4 Petteri Lindbohm Brandon Hickey 10 1 2 2
PowerPlay Forward
Center Left Wing Right Wing Time % Phy DF OF
1 Nico Sturm Jesper Bratt Evgeny Svechnikov 60 1 2 2
2 Ryan Spooner Ryan Donato Barclay Goodrow 40 1 2 2
PowerPlay Defense
Defense Defense Time % Phy DF OF
1 Erik Brannstrom Dominik Masin 60 1 2 2
2 Petteri Lindbohm Frank Corrado 40 1 2 2
Penalty Kill 4 Players Forward
Center Wing Time % Phy DF OF
1 Peter Cehlarik Barclay Goodrow 60 1 2 2
2 Nico Sturm Jesper Bratt 40 1 2 2
Penalty Kill 4 Players Defense
Defense Defense Time % Phy DF OF
1 Petteri Lindbohm Dominik Masin 60 1 2 2
2 Christian Jaros Brandon Hickey 40 1 2 2
Penalty Kill - 3 Players Forward
Forward Time % Phy DF OF
1 Ryan Spooner 60 1 2 2
2 Barclay Goodrow 40 1 2 2
Penalty Kill - 3 Players Defense
Defense Defense Time % Phy DF OF
1 Petteri Lindbohm Dominik Masin 60 1 2 2
2 Christian Jaros Brandon Hickey 40 1 2 2
4 vs 4 Forward
Center Wing Time % Phy DF OF
1 Nico Sturm Jesper Bratt 60 1 2 2
2 Ryan Spooner Evgeny Svechnikov 40 1 2 2
4 vs 4 Defense
Defense Defense Time % Phy DF OF
1 Petteri Lindbohm Dominik Masin 60 1 2 2
2 Erik Brannstrom Frank Corrado 40 1 2 2
Last Minutes Offensive
Center Left Wing Right Wing Defense Defense
Nico Sturm Jesper Bratt Evgeny Svechnikov Erik Brannstrom Dominik Masin
Last Minutes Defensive
Center Left Wing Right Wing Defense Defense
Nico Sturm Peter Cehlarik Barclay Goodrow Petteri Lindbohm Dominik Masin
Goaltenders
Starting : Michael Hutchinson
Backup : Joel Hofer
Extra Forwards
Normal : Jesper Bratt, Peter Cehlarik, Barclay Goodrow - PP : Peter Cehlarik, Eric Karlsson - PK : Peter Cehlarik
Extra Defensemen
Normal : Petteri Lindbohm, Brandon Hickey, Christian Jaros - PP : Frank Corrado - PK : Brandon Hickey, Christian Jaros
Penalty Shots
Jesper Bratt, Evgeny Svechnikov, Peter Cehlarik, Vitali Kravtsov, Ryan Spooner
Custom OT Lines Forwards
Peter Cehlarik, Evgeny Svechnikov, Nico Sturm, Jesper Bratt, Ryan Spooner, Eric Karlsson, Ryan Donato, Taylor Raddysh, Barclay Goodrow, Vitali Kravtsov
Custom OT Lines Defensemen
Dominik Masin, Erik Brannstrom, Petteri Lindbohm, Frank Corrado, Brandon Hickey
Scratches
Filip Hallander (Healthy), Skyler Brind'Amour (Healthy), John Gilmour (Healthy), Darren Raddysh (Healthy), Tim Berni (Healthy)
Ivan Chekhovich (Healthy), Trevor Carrick (Healthy), Radim Zohorna (Healthy), Demetrios Koumontzis (Healthy), Vitek Vanecek (Healthy)
Collin Delia (Healthy)
Eagles
5 vs 5 Forward
Center Left Wing Right Wing Time % Phy DF OF
1 Drake Caggiula Anthony Duclair Nick Cousins 36 1 1 3
2 Jared McCann Joseph Blandisi Gabriel Vilardi 33 1 1 3
3 Sam Steel Michael Carcone Matteson Iacopelli 21 1 2 2
4 Zach Aston-Reese Tyler Motte Chris Calhan 10 1 2 2
5 vs 5 Defense
Defense Defense Time % Phy DF OF
1 Connor Carrick Keaton Middleton 41 1 2 2
2 Mattias Samuelsson Jack Dougherty 39 1 2 2
3 Jonathan Racine Kevin Bahl 20 1 3 1
4 Keaton Middleton Connor Carrick 0 0 5 0
PowerPlay Forward
Center Left Wing Right Wing Time % Phy DF OF
1 Zach Aston-Reese Anthony Duclair Nick Cousins 50 1 1 3
2 Drake Caggiula Joseph Blandisi Gabriel Vilardi 50 1 1 3
PowerPlay Defense
Defense Defense Time % Phy DF OF
1 Connor Carrick Jonathan Racine 55 1 1 3
2 Jack Dougherty Keaton Middleton 45 1 1 3
Penalty Kill 4 Players Forward
Center Wing Time % Phy DF OF
1 Jared McCann Tyler Motte 60 1 3 1
2 Drake Caggiula Anthony Duclair 40 1 3 1
Penalty Kill 4 Players Defense
Defense Defense Time % Phy DF OF
1 Connor Carrick Keaton Middleton 55 1 3 1
2 Jack Dougherty Jonathan Racine 45 1 3 1
Penalty Kill - 3 Players Forward
Forward Time % Phy DF OF
1 Jared McCann 60 1 4 0
2 Drake Caggiula 40 1 4 0
Penalty Kill - 3 Players Defense
Defense Defense Time % Phy DF OF
1 Connor Carrick Kevin Bahl 60 1 4 0
2 Keaton Middleton Jack Dougherty 40 1 4 0
4 vs 4 Forward
Center Wing Time % Phy DF OF
1 Zach Aston-Reese Anthony Duclair 55 1 2 2
2 Sam Steel Nick Cousins 45 1 2 2
4 vs 4 Defense
Defense Defense Time % Phy DF OF
1 Connor Carrick Keaton Middleton 50 1 2 2
2 Jack Dougherty Kevin Bahl 50 1 2 2
Last Minutes Offensive
Center Left Wing Right Wing Defense Defense
Zach Aston-Reese Anthony Duclair Nick Cousins Jack Dougherty Connor Carrick
Last Minutes Defensive
Center Left Wing Right Wing Defense Defense
Jared McCann Tyler Motte Nick Cousins Connor Carrick Keaton Middleton
Goaltenders
Starting : Adin Hill
Backup : Daniel Altshuller
Extra Forwards
Normal : Sam Steel, Michael Carcone, Gabriel Vilardi - PP : Gabriel Vilardi, Matteson Iacopelli - PK : Gabriel Vilardi
Extra Defensemen
Normal : Keaton Middleton, Jonathan Racine, Kevin Bahl - PP : Keaton Middleton - PK : Keaton Middleton, Jonathan Racine
Penalty Shots
Gabriel Vilardi, Jared McCann, Zach Aston-Reese, Nick Cousins, Sam Steel
Custom OT Lines Forwards
Nick Cousins, Joseph Blandisi, Jared McCann, Drake Caggiula, Zach Aston-Reese, Tyler Motte, Michael Carcone, Sam Steel, Matteson Iacopelli, Gabriel Vilardi
Custom OT Lines Defensemen
Jack Dougherty, Jonathan Racine, Keaton Middleton, Kevin Bahl, Mattias Samuelsson
Scratches
Dominik Kubalik (Healthy), Mark Friedman (Healthy), Tyler Tucker (Healthy), Michael Dal Colle (Healthy), Ryan Murphy (Healthy)
Xavier Ouellet (Healthy), Alexander Nylander (Healthy), Pius Suter (Healthy), Max Lajoie (Healthy), Pascal Laberge (Healthy)
Marian Studenic (Healthy), Walker Duehr (Healthy), Zachary Emond (Healthy)
% Time on Ice - Wranglers
Lines # - Real PCT - Wanted PCT - Time Play
Normal Forward
1 - 38% - 40% - 17:59
2 - 26% - 30% - 12:39
3 - 19% - 20% - 9:16
4 - 17% - 10% - 8:03
Normal Defense
1 - 39% - 40% - 18:38
2 - 32% - 30% - 15:29
3 - 21% - 20% - 10:07
4 - 8% - 10% - 3:43
PP Forward
1 - 52% - 60% - 2:04
2 - 48% - 40% - 1:54
PP Defense
1 - 69% - 60% - 2:45
2 - 31% - 40% - 1:13
PK Forward
1 - 68% - 60% - 5:31
2 - 32% - 40% - 2:34
PK Defense
1 - 73% - 60% - 5:53
2 - 27% - 40% - 2:12
PK3 Forward
1 - 0% - 60%
2 - 0% - 40%
PK3 Defense
1 - 0% - 60%
2 - 0% - 40%
44 Forward
1 - 0% - 60%
2 - 0% - 40%
44 Defense
1 - 0% - 60%
2 - 0% - 40%
Last Minute Offensive - 0:00
Last Minute Defensive - 0:00
Total
Forward - 60:00
Defense - 60:00
|
% Time on Ice - Eagles
Lines # - Real PCT - Wanted PCT - Time Play
Normal Forward
1 - 33% - 36% - 16:02
2 - 28% - 33% - 13:16
3 - 25% - 21% - 12:10
4 - 14% - 10% - 6:29
Normal Defense
1 - 41% - 41% - 19:43
2 - 35% - 39% - 16:33
3 - 24% - 20% - 11:41
4 - 0% - 0% - 0:00
PP Forward
1 - 51% - 50% - 4:09
2 - 49% - 50% - 3:56
PP Defense
1 - 57% - 55% - 4:38
2 - 43% - 45% - 3:27
PK Forward
1 - 90% - 60% - 3:35
2 - 10% - 40% - 0:23
PK Defense
1 - 64% - 55% - 2:32
2 - 36% - 45% - 1:26
PK3 Forward
1 - 0% - 60%
2 - 0% - 40%
PK3 Defense
1 - 0% - 60%
2 - 0% - 40%
44 Forward
1 - 0% - 55%
2 - 0% - 45%
44 Defense
1 - 0% - 50%
2 - 0% - 50%
Last Minute Offensive - 0:00
Last Minute Defensive - 0:00
Total
Forward - 60:00
Defense - 60:00
|
Play-by-Play
1st period
0:01 of 1st period - Nico Sturm wins face-off versus Drake Caggiula in neutral zone.
0:40 of 1st period - Minor Penalty to Dominik Masin for Hooking.
0:41 of 1st period - Zach Aston-Reese wins face-off versus Peter Cehlarik in Wranglers zone.
0:52 of 1st period - Slapshot by Anthony Duclair.
0:52 of 1st period - Stopped by Michael Hutchinson without a rebound.
0:53 of 1st period - Drake Caggiula wins face-off versus Peter Cehlarik in Wranglers zone.
1:28 of 1st period - Wrist shot by Zach Aston-Reese.
1:28 of 1st period - Stopped by Michael Hutchinson with a rebound.
1:46 of 1st period - Keaton Middleton is hit by Christian Jaros and loses puck.
2:40 of 1st period - Penalty to Dominik Masin is over, Dominik Masin is back on ice.
2:45 of 1st period - Dominik Masin is hit by Nick Cousins and loses puck.
3:42 of 1st period - Backhand shot by Tage Thompson.
3:42 of 1st period - Shot Misses the Net.
3:44 of 1st period - Slapshot by Frank Corrado.
3:44 of 1st period - Shot Blocked by Connor Carrick.
3:50 of 1st period - Snap shot by Vladislav Kamenev.
3:50 of 1st period - Deflect By Vitali Kravtsov.
3:50 of 1st period - Deflect By Joseph Blandisi.
3:50 of 1st period - Stopped by Adin Hill with a rebound.
4:00 of 1st period - Slapshot by Vladislav Kamenev.
4:00 of 1st period - Shot Blocked by Connor Carrick.
4:02 of 1st period - Snap shot by Tage Thompson.
4:02 of 1st period - Shot Misses the Net.
4:04 of 1st period - Slapshot by Frank Corrado.
4:04 of 1st period - Shot Misses the Net.
4:54 of 1st period - Wrist shot by Vladislav Kamenev.
4:54 of 1st period - Deflect By Vitali Kravtsov.
4:54 of 1st period - Shot Misses the Net.
4:54 of 1st period - Puck is out of play.
4:55 of 1st period - Nico Sturm wins face-off versus Drake Caggiula in Eagles zone.
4:58 of 1st period - Wrist shot by Evgeny Svechnikov.
4:58 of 1st period - Goal by Evgeny Svechnikov - Wranglers : 1 - Eagles : 0.
4:59 of 1st period - Nico Sturm wins face-off versus Drake Caggiula in neutral zone.
5:10 of 1st period - Wrist shot by Peter Cehlarik.
5:10 of 1st period - Shot Blocked by Kevin Bahl.
5:12 of 1st period - Snap shot by Nico Sturm.
5:12 of 1st period - Stopped by Adin Hill with a rebound.
5:55 of 1st period - Taylor Raddysh is hit by Zach Aston-Reese and loses puck.
6:10 of 1st period - Wrist shot by Anthony Duclair.
6:10 of 1st period - Shot Blocked by Evgeny Svechnikov.
6:12 of 1st period - Snap shot by Nick Cousins.
6:12 of 1st period - Stopped by Michael Hutchinson without a rebound.
6:13 of 1st period - Drake Caggiula wins face-off versus Nico Sturm in Wranglers zone.
6:26 of 1st period - Drake Caggiula is hit by Peter Cehlarik and loses puck.
6:35 of 1st period - Petteri Lindbohm is hit by Anthony Duclair.
6:59 of 1st period - Snap shot by Nick Cousins.
6:59 of 1st period - Shot Blocked by Brandon Hickey.
7:01 of 1st period - Snap shot by Nick Cousins.
7:01 of 1st period - Shot Misses the Net.
7:03 of 1st period - Slapshot by Connor Carrick.
7:03 of 1st period - Deflect By Anthony Duclair.
7:03 of 1st period - Shot Misses the Net.
7:03 of 1st period - Puck is out of play.
7:04 of 1st period - Nico Sturm wins face-off versus Sam Steel in Wranglers zone.
7:12 of 1st period - Off-side.
7:13 of 1st period - Peter Cehlarik wins face-off versus Sam Steel in neutral zone.
7:48 of 1st period - Slapshot by Sam Steel.
7:48 of 1st period - Shot Misses the Net.
8:19 of 1st period - Wrist shot by Evgeny Svechnikov.
8:19 of 1st period - Deflect By Peter Cehlarik.
8:19 of 1st period - Shot Misses the Net.
8:19 of 1st period - Puck is out of play.
8:20 of 1st period - Ryan Spooner wins face-off versus Drake Caggiula in Eagles zone.
8:21 of 1st period - Wrist shot by Barclay Goodrow.
8:21 of 1st period - Stopped by Adin Hill with a rebound.
8:56 of 1st period - Wrist shot by Jesper Bratt.
8:56 of 1st period - Stopped by Adin Hill without a rebound.
8:57 of 1st period - Ryan Donato wins face-off versus Anthony Duclair in Eagles zone.
9:17 of 1st period - Frank Corrado is hit by Nick Cousins and loses puck.
9:52 of 1st period - Snap shot by Evgeny Svechnikov.
9:52 of 1st period - Goal by Evgeny Svechnikov - Wranglers : 2 - Eagles : 0.
9:53 of 1st period - Ryan Donato wins face-off versus Drake Caggiula in neutral zone.
9:58 of 1st period - Slapshot by Petteri Lindbohm.
9:58 of 1st period - Goal by Petteri Lindbohm - Wranglers : 3 - Eagles : 0.
9:59 of 1st period - Ryan Spooner wins face-off versus Drake Caggiula in neutral zone.
10:05 of 1st period - Icing by Petteri Lindbohm.
10:06 of 1st period - Drake Caggiula wins face-off versus Ryan Spooner in Wranglers zone.
10:39 of 1st period - Slapshot by Gabriel Vilardi.
10:39 of 1st period - Deflect By Joseph Blandisi.
10:39 of 1st period - Stopped by Michael Hutchinson without a rebound.
10:40 of 1st period - Ryan Donato wins face-off versus Jared McCann in Wranglers zone.
10:49 of 1st period - Gabriel Vilardi is hit by Eric Karlsson and loses puck.
11:07 of 1st period - Minor Penalty to Mattias Samuelsson for Roughing.
11:08 of 1st period - Nico Sturm wins face-off versus Jared McCann in Eagles zone.
11:39 of 1st period - Slapshot by Ryan Donato.
11:39 of 1st period - Shot Misses the Net.
13:07 of 1st period - Penalty to Mattias Samuelsson is over, Mattias Samuelsson is back on ice.
13:13 of 1st period - Petteri Lindbohm is hit by Mattias Samuelsson.
13:49 of 1st period - Petteri Lindbohm is hit by Tyler Motte and loses puck.
14:08 of 1st period - Jack Dougherty is hit by Ryan Donato and loses puck.
14:30 of 1st period - Icing by Matteson Iacopelli.
14:31 of 1st period - Nico Sturm wins face-off versus Matteson Iacopelli in Eagles zone.
14:36 of 1st period - Wrist shot by Nico Sturm.
14:36 of 1st period - Stopped by Adin Hill with a rebound.
14:38 of 1st period - Snap shot by Brandon Hickey.
14:38 of 1st period - Shot Misses the Net.
14:40 of 1st period - Wrist shot by Nico Sturm.
14:40 of 1st period - Shot Blocked by Kevin Bahl.
14:44 of 1st period - Slapshot by Peter Cehlarik.
14:44 of 1st period - Deflect By Evgeny Svechnikov.
14:44 of 1st period - Shot Misses the Net.
14:44 of 1st period - Puck is out of play.
14:45 of 1st period - Drake Caggiula wins face-off versus Nico Sturm in Eagles zone.
14:56 of 1st period - Wrist shot by Drake Caggiula.
14:56 of 1st period - Stopped by Michael Hutchinson without a rebound.
14:57 of 1st period - Drake Caggiula wins face-off versus Nico Sturm in Wranglers zone.
15:31 of 1st period - Wrist shot by Ryan Spooner.
15:31 of 1st period - Shot Misses the Net.
15:33 of 1st period - Snap shot by Erik Brannstrom.
15:33 of 1st period - Shot Blocked by Connor Carrick.
16:11 of 1st period - Snap shot by Evgeny Svechnikov.
16:11 of 1st period - Shot Blocked by Drake Caggiula.
16:31 of 1st period - Matteson Iacopelli is hit by Brandon Hickey and loses puck.
17:19 of 1st period - Brandon Hickey is hit by Keaton Middleton and loses puck.
17:34 of 1st period - Slapshot by Drake Caggiula.
17:34 of 1st period - Stopped by Michael Hutchinson with a rebound.
17:36 of 1st period - Slapshot by Connor Carrick.
17:36 of 1st period - Stopped by Michael Hutchinson without a rebound.
17:37 of 1st period - Anthony Duclair wins face-off versus Nico Sturm in Wranglers zone.
17:40 of 1st period - Snap shot by Nick Cousins.
17:40 of 1st period - Stopped by Michael Hutchinson with a rebound.
17:42 of 1st period - Snap shot by Anthony Duclair.
17:42 of 1st period - Shot Hit the Post.
18:02 of 1st period - Connor Carrick is hit by Jesper Bratt and loses puck.
18:31 of 1st period - Wrist shot by Connor Carrick.
18:31 of 1st period - Shot Misses the Net.
18:46 of 1st period - Minor Penalty to Erik Brannstrom for Cross-checking.
18:47 of 1st period - Peter Cehlarik wins face-off versus Drake Caggiula in Wranglers zone.
18:47 of 1st period - Peter Cehlarik is hit by Connor Carrick.
18:59 of 1st period - Barclay Goodrow is hit by Drake Caggiula and loses puck.
19:46 of 1st period - Keaton Middleton is hit by Nico Sturm and loses puck.
19:55 of 1st period - Petteri Lindbohm is hit by Zach Aston-Reese and loses puck.
Goals for this period are 3 for Wranglers vs 0 for Eagles.
Shots for this period are 8 for Wranglers vs 8 for Eagles.
2nd period
0:01 of 2nd period - Drake Caggiula wins face-off versus Peter Cehlarik in neutral zone.
0:08 of 2nd period - Snap shot by Drake Caggiula.
0:08 of 2nd period - Shot Misses the Net.
0:46 of 2nd period - Penalty to Erik Brannstrom is over, Erik Brannstrom is back on ice.
0:59 of 2nd period - Off-side.
1:00 of 2nd period - Gabriel Vilardi wins face-off versus Ryan Donato in neutral zone.
1:09 of 2nd period - Wrist shot by Jared McCann.
1:09 of 2nd period - Shot Misses the Net.
1:16 of 2nd period - Off-side.
1:17 of 2nd period - Nico Sturm wins face-off versus Drake Caggiula in neutral zone.
1:48 of 2nd period - Snap shot by Joseph Blandisi.
1:48 of 2nd period - Stopped by Michael Hutchinson with a rebound.
2:06 of 2nd period - Snap shot by Eric Karlsson.
2:06 of 2nd period - Shot Blocked by Keaton Middleton.
2:08 of 2nd period - Snap shot by Ryan Donato.
2:08 of 2nd period - Stopped by Adin Hill without a rebound.
2:09 of 2nd period - Nico Sturm wins face-off versus Sam Steel in Eagles zone.
2:34 of 2nd period - Ryan Spooner is hit by Anthony Duclair and loses puck.
2:43 of 2nd period - Backhand shot by Anthony Duclair.
2:43 of 2nd period - Shot Misses the Net.
2:45 of 2nd period - Slapshot by Jonathan Racine.
2:45 of 2nd period - Stopped by Michael Hutchinson without a rebound.
2:46 of 2nd period - Jared McCann wins face-off versus Nico Sturm in Wranglers zone.
3:11 of 2nd period - Kevin Bahl is hit by Ryan Spooner and loses puck.
3:32 of 2nd period - Wrist shot by Drake Caggiula.
3:32 of 2nd period - Stopped by Michael Hutchinson without a rebound.
3:33 of 2nd period - Sam Steel wins face-off versus Ryan Donato in Wranglers zone.
3:40 of 2nd period - Snap shot by Taylor Raddysh.
3:40 of 2nd period - Stopped by Adin Hill with a rebound.
3:42 of 2nd period - Snap shot by Ryan Donato.
3:42 of 2nd period - Shot Misses the Net.
3:44 of 2nd period - Wrist shot by Eric Karlsson.
3:44 of 2nd period - Stopped by Adin Hill with a rebound.
3:46 of 2nd period - Slapshot by Taylor Raddysh.
3:46 of 2nd period - Shot Misses the Net.
3:48 of 2nd period - Slapshot by Dominik Masin.
3:48 of 2nd period - Deflect By Eric Karlsson.
3:48 of 2nd period - Stopped by Adin Hill with a rebound.
3:58 of 2nd period - Gabriel Vilardi is hit by Dominik Masin and loses puck.
4:23 of 2nd period - Snap shot by Nick Cousins.
4:23 of 2nd period - Stopped by Michael Hutchinson without a rebound.
4:24 of 2nd period - Vladislav Kamenev wins face-off versus Drake Caggiula in Wranglers zone.
4:24 of 2nd period - Vladislav Kamenev is hit by Jack Dougherty.
4:40 of 2nd period - Wrist shot by Vitali Kravtsov.
4:40 of 2nd period - Shot Misses the Net.
5:04 of 2nd period - Off-side.
5:05 of 2nd period - Jared McCann wins face-off versus Nico Sturm in neutral zone.
5:35 of 2nd period - Slapshot by Jesper Bratt.
5:35 of 2nd period - Stopped by Adin Hill with a rebound.
6:09 of 2nd period - Slapshot by Barclay Goodrow.
6:09 of 2nd period - Deflect By Jesper Bratt.
6:09 of 2nd period - Stopped by Adin Hill with a rebound.
6:11 of 2nd period - Snap shot by Jesper Bratt.
6:11 of 2nd period - Shot Blocked by Michael Carcone.
6:13 of 2nd period - Snap shot by Ryan Spooner.
6:13 of 2nd period - Shot Misses the Net.
6:15 of 2nd period - Snap shot by Ryan Spooner.
6:15 of 2nd period - Shot Misses the Net.
6:25 of 2nd period - Wrist shot by Jesper Bratt.
6:25 of 2nd period - Shot Misses the Net.
6:27 of 2nd period - Snap shot by Barclay Goodrow.
6:27 of 2nd period - Shot Misses the Net.
6:35 of 2nd period - Snap shot by Jesper Bratt.
6:35 of 2nd period - Shot Misses the Net.
6:37 of 2nd period - Snap shot by Ryan Spooner.
6:37 of 2nd period - Shot Blocked by Jonathan Racine.
6:39 of 2nd period - Slapshot by Dominik Masin.
6:39 of 2nd period - Deflect By Sam Steel.
6:39 of 2nd period - Stopped by Adin Hill without a rebound.
6:40 of 2nd period - Nico Sturm wins face-off versus Drake Caggiula in Eagles zone.
7:12 of 2nd period - Slapshot by Eric Karlsson.
7:12 of 2nd period - Shot Misses the Net.
7:28 of 2nd period - Slapshot by Zach Aston-Reese.
7:28 of 2nd period - Stopped by Michael Hutchinson with a rebound.
8:16 of 2nd period - Nico Sturm is hit by Jared McCann and loses puck.
8:41 of 2nd period - Jesper Bratt is hit by Jonathan Racine and loses puck.
8:52 of 2nd period - Wrist shot by Matteson Iacopelli.
8:52 of 2nd period - Shot Blocked by Christian Jaros.
9:12 of 2nd period - Backhand shot by Ryan Donato.
9:12 of 2nd period - Shot Misses the Net.
9:24 of 2nd period - Snap shot by Sam Steel.
9:24 of 2nd period - Shot Blocked by Petteri Lindbohm.
9:26 of 2nd period - Wrist shot by Sam Steel.
9:26 of 2nd period - Shot Blocked by Nico Sturm.
9:28 of 2nd period - Snap shot by Michael Carcone.
9:28 of 2nd period - Goal by Michael Carcone - Wranglers : 3 - Eagles : 1.
9:29 of 2nd period - Nick Cousins wins face-off versus Nico Sturm in neutral zone.
9:59 of 2nd period - Wrist shot by Gabriel Vilardi.
9:59 of 2nd period - Stopped by Michael Hutchinson without a rebound.
10:00 of 2nd period - Ryan Spooner wins face-off versus Jared McCann in Wranglers zone.
10:09 of 2nd period - Wrist shot by Barclay Goodrow.
10:09 of 2nd period - Stopped by Adin Hill without a rebound.
10:10 of 2nd period - Jared McCann wins face-off versus Nico Sturm in Eagles zone.
11:03 of 2nd period - Connor Carrick is hit by Ryan Donato and loses puck.
11:38 of 2nd period - Snap shot by Barclay Goodrow.
11:38 of 2nd period - Shot Misses the Net.
11:42 of 2nd period - Snap shot by Ryan Spooner.
11:42 of 2nd period - Shot Misses the Net.
11:44 of 2nd period - Slapshot by Barclay Goodrow.
11:44 of 2nd period - Shot Blocked by Tyler Motte.
12:02 of 2nd period - Slapshot by Nick Cousins.
12:02 of 2nd period - Stopped by Michael Hutchinson without a rebound.
12:03 of 2nd period - Nico Sturm wins face-off versus Drake Caggiula in Wranglers zone.
12:05 of 2nd period - Minor Penalty to Petteri Lindbohm for Tripping.
12:06 of 2nd period - Drake Caggiula wins face-off versus Peter Cehlarik in Wranglers zone.
12:56 of 2nd period - Jesper Bratt is hit by Drake Caggiula and loses puck.
14:05 of 2nd period - Penalty to Petteri Lindbohm is over, Petteri Lindbohm is back on ice.
14:54 of 2nd period - Snap shot by Vladislav Kamenev.
14:54 of 2nd period - Stopped by Adin Hill with a rebound.
15:18 of 2nd period - Taylor Raddysh is hit by Connor Carrick and loses puck.
15:46 of 2nd period - Slapshot by Erik Brannstrom.
15:46 of 2nd period - Shot Misses the Net.
15:48 of 2nd period - Wrist shot by Frank Corrado.
15:48 of 2nd period - Stopped by Adin Hill with a rebound.
16:05 of 2nd period - Off-side.
16:06 of 2nd period - Sam Steel wins face-off versus Ryan Donato in neutral zone.
16:17 of 2nd period - Sam Steel is hit by Eric Karlsson and loses puck.
16:22 of 2nd period - Slapshot by Eric Karlsson.
16:22 of 2nd period - Wranglers goal is going for a video replay.
16:22 of 2nd period - The goal is refused. The puck has been kicked using a distinct kicking motion..
16:23 of 2nd period - Drake Caggiula wins face-off versus Nico Sturm in Eagles zone.
16:36 of 2nd period - Keaton Middleton is hit by Frank Corrado and loses puck.
16:49 of 2nd period - Slapshot by Eric Karlsson.
16:49 of 2nd period - Stopped by Adin Hill without a rebound.
16:50 of 2nd period - Ryan Donato wins face-off versus Jared McCann in Eagles zone.
16:51 of 2nd period - Snap shot by Taylor Raddysh.
16:51 of 2nd period - Shot Misses the Net.
16:53 of 2nd period - Snap shot by Taylor Raddysh.
16:53 of 2nd period - Stopped by Adin Hill with a rebound.
17:19 of 2nd period - Snap shot by Matteson Iacopelli.
17:19 of 2nd period - Stopped by Michael Hutchinson with a rebound.
17:32 of 2nd period - Icing by Jonathan Racine.
17:33 of 2nd period - Sam Steel wins face-off versus Ryan Spooner in Eagles zone.
17:52 of 2nd period - Brandon Hickey is hit by Sam Steel and loses puck.
17:59 of 2nd period - Wrist shot by Matteson Iacopelli.
17:59 of 2nd period - Stopped by Michael Hutchinson without a rebound.
18:00 of 2nd period - Drake Caggiula wins face-off versus Nico Sturm in Wranglers zone.
18:42 of 2nd period - Icing by Connor Carrick.
18:43 of 2nd period - Jared McCann wins face-off versus Nico Sturm in Eagles zone.
18:50 of 2nd period - Snap shot by Jared McCann.
18:50 of 2nd period - Shot Blocked by Nico Sturm.
19:03 of 2nd period - Icing by Dominik Masin.
19:04 of 2nd period - Nico Sturm wins face-off versus Drake Caggiula in Wranglers zone.
19:28 of 2nd period - Wrist shot by Peter Cehlarik.
19:28 of 2nd period - Shot Misses the Net.
19:30 of 2nd period - Slapshot by Petteri Lindbohm.
19:30 of 2nd period - Stopped by Adin Hill with a rebound.
19:32 of 2nd period - Snap shot by Nico Sturm.
19:32 of 2nd period - Stopped by Adin Hill without a rebound.
19:33 of 2nd period - Drake Caggiula wins face-off versus Ryan Spooner in Eagles zone.
19:40 of 2nd period - Wrist shot by Connor Carrick.
19:40 of 2nd period - Stopped by Michael Hutchinson with a rebound.
19:58 of 2nd period - Eric Karlsson is hit by Joseph Blandisi and loses puck.
Goals for this period are 0 for Wranglers vs 1 for Eagles.
Shots for this period are 15 for Wranglers vs 11 for Eagles.
3rd period
0:01 of 3rd period - Nico Sturm wins face-off versus Drake Caggiula in neutral zone.
0:14 of 3rd period - Jack Dougherty is hit by Petteri Lindbohm and loses puck.
0:35 of 3rd period - Minor Penalty to Christian Jaros for Roughing.
0:36 of 3rd period - Drake Caggiula wins face-off versus Peter Cehlarik in Wranglers zone.
0:38 of 3rd period - Snap shot by Gabriel Vilardi.
0:38 of 3rd period - Stopped by Michael Hutchinson with a rebound.
0:40 of 3rd period - Snap shot by Gabriel Vilardi.
0:40 of 3rd period - Stopped by Michael Hutchinson without a rebound.
0:41 of 3rd period - Drake Caggiula wins face-off versus Peter Cehlarik in Wranglers zone.
0:45 of 3rd period - Slapshot by Jonathan Racine.
0:45 of 3rd period - Shot Blocked by Petteri Lindbohm.
0:47 of 3rd period - Wrist shot by Drake Caggiula.
0:47 of 3rd period - Shot Blocked by Petteri Lindbohm.
0:51 of 3rd period - Snap shot by Drake Caggiula.
0:51 of 3rd period - Shot Misses the Net.
0:53 of 3rd period - Wrist shot by Gabriel Vilardi.
0:53 of 3rd period - Shot Misses the Net.
0:55 of 3rd period - Snap shot by Gabriel Vilardi.
0:55 of 3rd period - Shot Misses the Net.
0:57 of 3rd period - Snap shot by Connor Carrick.
0:57 of 3rd period - Shot Misses the Net.
2:12 of 3rd period - Brandon Hickey is hit by Joseph Blandisi and loses puck.
2:35 of 3rd period - Penalty to Christian Jaros is over, Christian Jaros is back on ice.
2:51 of 3rd period - Slapshot by Matteson Iacopelli.
2:51 of 3rd period - Stopped by Michael Hutchinson with a rebound.
3:03 of 3rd period - Jack Dougherty is hit by Ryan Donato and loses puck.
3:38 of 3rd period - Jack Dougherty is hit by Ryan Spooner and loses puck.
3:50 of 3rd period - Icing by Barclay Goodrow.
3:51 of 3rd period - Vladislav Kamenev wins face-off versus Jared McCann in Wranglers zone.
3:55 of 3rd period - Off-side.
3:56 of 3rd period - Vladislav Kamenev wins face-off versus Joseph Blandisi in neutral zone.
4:03 of 3rd period - Slapshot by Brandon Hickey.
4:03 of 3rd period - Deflect By Vitali Kravtsov.
4:03 of 3rd period - Stopped by Adin Hill with a rebound.
4:05 of 3rd period - Snap shot by Vladislav Kamenev.
4:05 of 3rd period - Shot Blocked by Keaton Middleton.
4:32 of 3rd period - Slapshot by Anthony Duclair.
4:32 of 3rd period - Deflect By Nick Cousins.
4:32 of 3rd period - Shot Misses the Net.
4:32 of 3rd period - Puck is out of play.
4:33 of 3rd period - Ryan Spooner wins face-off versus Jared McCann in Wranglers zone.
4:33 of 3rd period - Ryan Spooner is hit by Jared McCann.
4:45 of 3rd period - Minor Penalty to Erik Brannstrom for Hooking.
4:46 of 3rd period - Peter Cehlarik wins face-off versus Drake Caggiula in Wranglers zone.
4:50 of 3rd period - Slapshot by Joseph Blandisi.
4:50 of 3rd period - Shot Misses the Net.
4:52 of 3rd period - Wrist shot by Joseph Blandisi.
4:52 of 3rd period - Stopped by Michael Hutchinson with a rebound.
4:54 of 3rd period - Slapshot by Connor Carrick.
4:54 of 3rd period - Goal by Connor Carrick - Wranglers : 3 - Eagles : 2.
4:55 of 3rd period - Drake Caggiula wins face-off versus Evgeny Svechnikov in neutral zone.
5:51 of 3rd period - Snap shot by Taylor Raddysh.
5:51 of 3rd period - Shot Misses the Net.
6:13 of 3rd period - Snap shot by Vladislav Kamenev.
6:13 of 3rd period - Stopped by Adin Hill with a rebound.
6:15 of 3rd period - Wrist shot by Tage Thompson.
6:15 of 3rd period - Shot Misses the Net.
6:17 of 3rd period - Snap shot by Vitali Kravtsov.
6:17 of 3rd period - Stopped by Adin Hill without a rebound.
6:18 of 3rd period - Peter Cehlarik wins face-off versus Drake Caggiula in Eagles zone.
6:19 of 3rd period - Snap shot by Evgeny Svechnikov.
6:19 of 3rd period - Shot Misses the Net.
6:30 of 3rd period - Jonathan Racine is hit by Frank Corrado.
7:35 of 3rd period - Minor Penalty to Drake Caggiula for Interference.
7:36 of 3rd period - Jared McCann wins face-off versus Ryan Spooner in Eagles zone.
7:36 of 3rd period - Jared McCann is hit by Barclay Goodrow.
9:16 of 3rd period - Anthony Duclair is hit by Christian Jaros and loses puck.
9:35 of 3rd period - Penalty to Drake Caggiula is over, Drake Caggiula is back on ice.
9:39 of 3rd period - Wrist shot by Matteson Iacopelli.
9:39 of 3rd period - Stopped by Michael Hutchinson with a rebound.
9:41 of 3rd period - Snap shot by Sam Steel.
9:41 of 3rd period - Stopped by Michael Hutchinson with a rebound.
10:23 of 3rd period - Snap shot by Tyler Motte.
10:23 of 3rd period - Stopped by Michael Hutchinson without a rebound.
10:24 of 3rd period - Zach Aston-Reese wins face-off versus Ryan Spooner in Wranglers zone.
10:25 of 3rd period - Slapshot by Tyler Motte.
10:25 of 3rd period - Shot Misses the Net.
11:07 of 3rd period - Eric Karlsson is hit by Drake Caggiula and loses puck.
11:22 of 3rd period - Snap shot by Tage Thompson.
11:22 of 3rd period - Stopped by Adin Hill with a rebound.
11:25 of 3rd period - Icing by Sam Steel.
11:26 of 3rd period - Michael Carcone wins face-off versus Ryan Spooner in Eagles zone.
12:03 of 3rd period - Snap shot by Sam Steel.
12:03 of 3rd period - Shot Blocked by Erik Brannstrom.
12:05 of 3rd period - Snap shot by Sam Steel.
12:05 of 3rd period - Stopped by Michael Hutchinson with a rebound.
12:07 of 3rd period - Snap shot by Michael Carcone.
12:07 of 3rd period - Stopped by Michael Hutchinson with a rebound.
12:09 of 3rd period - Slapshot by Connor Carrick.
12:09 of 3rd period - Stopped by Michael Hutchinson with a rebound.
12:11 of 3rd period - Slapshot by Kevin Bahl.
12:11 of 3rd period - Stopped by Michael Hutchinson without a rebound.
12:12 of 3rd period - Ryan Spooner wins face-off versus Drake Caggiula in Wranglers zone.
13:01 of 3rd period - Jared McCann is hit by Nico Sturm and loses puck.
13:06 of 3rd period - Snap shot by Evgeny Svechnikov.
13:06 of 3rd period - Shot Misses the Net.
13:22 of 3rd period - Backhand shot by Connor Carrick.
13:22 of 3rd period - Stopped by Michael Hutchinson without a rebound.
13:23 of 3rd period - Drake Caggiula wins face-off versus Ryan Donato in Wranglers zone.
13:28 of 3rd period - Wrist shot by Anthony Duclair.
13:28 of 3rd period - Deflect By Drake Caggiula.
13:28 of 3rd period - Shot Blocked by Taylor Raddysh.
13:28 of 3rd period - Puck is out of play.
13:29 of 3rd period - Drake Caggiula wins face-off versus Nico Sturm in Wranglers zone.
13:30 of 3rd period - Wrist shot by Anthony Duclair.
13:30 of 3rd period - Shot Misses the Net.
13:32 of 3rd period - Snap shot by Drake Caggiula.
13:32 of 3rd period - Stopped by Michael Hutchinson with a rebound.
13:46 of 3rd period - Wrist shot by Nick Cousins.
13:46 of 3rd period - Stopped by Michael Hutchinson with a rebound.
13:48 of 3rd period - Slapshot by Anthony Duclair.
13:48 of 3rd period - Stopped by Michael Hutchinson without a rebound.
13:49 of 3rd period - Jared McCann wins face-off versus Ryan Spooner in Wranglers zone.
13:50 of 3rd period - Snap shot by Joseph Blandisi.
13:50 of 3rd period - Stopped by Michael Hutchinson without a rebound.
13:51 of 3rd period - Jared McCann wins face-off versus Barclay Goodrow in Wranglers zone.
14:43 of 3rd period - Snap shot by Sam Steel.
14:43 of 3rd period - Stopped by Michael Hutchinson with a rebound.
14:45 of 3rd period - Slapshot by Sam Steel.
14:45 of 3rd period - Goal by Sam Steel - Wranglers : 3 - Eagles : 3.
14:46 of 3rd period - Nico Sturm wins face-off versus Nick Cousins in neutral zone.
14:53 of 3rd period - Peter Cehlarik is hit by Nick Cousins and loses puck.
15:36 of 3rd period - Matteson Iacopelli is hit by Ryan Spooner and loses puck.
16:52 of 3rd period - Snap shot by Nick Cousins.
16:52 of 3rd period - Shot Misses the Net.
16:54 of 3rd period - Snap shot by Drake Caggiula.
16:54 of 3rd period - Stopped by Michael Hutchinson without a rebound.
16:55 of 3rd period - Sam Steel wins face-off versus Ryan Donato in Wranglers zone.
17:10 of 3rd period - Slapshot by Ryan Donato.
17:10 of 3rd period - Shot Blocked by Matteson Iacopelli.
18:21 of 3rd period - Ryan Donato is hit by Anthony Duclair and loses puck.
19:06 of 3rd period - Snap shot by Tyler Motte.
19:06 of 3rd period - Stopped by Michael Hutchinson with a rebound.
19:26 of 3rd period - Slapshot by Connor Carrick.
19:26 of 3rd period - Shot Misses the Net.
Goals for this period are 0 for Wranglers vs 2 for Eagles.
Shots for this period are 4 for Wranglers vs 21 for Eagles.
Overtime #1
0:01 of 1st overtime period - Evgeny Svechnikov wins face-off versus Joseph Blandisi in neutral zone.
0:12 of 1st overtime period - Slapshot by Nick Cousins.
0:12 of 1st overtime period - Goal by Nick Cousins - Wranglers : 3 - Eagles : 4.
Goals for this period are 0 for Wranglers vs 1 for Eagles.
Shots for this period are 0 for Wranglers vs 1 for Eagles.